 Dungeon Crawl Stone Soup version 0.21.1-1-g345015f (webtiles) character file.

93 grindst0ne the Skirmisher (level 4, -2/37 HPs)
             Began as a Formicid Earth Elementalist on Feb 20, 2018.
             Slain by an adder (3 damage)
             ... on level 1 of the Dungeon.
             The game lasted 00:07:36 (948 turns).

grindst0ne the Skirmisher (FoEE)                     Turns: 948, Time: 00:07:37

Health: -2/37      AC:  2    Str: 13    XL:     4   Next: 92%
Magic:  4/7        EV: 12    Int: 15    God:
Gold:   30         SH:  0    Dex: 11    Spells: 6/7 levels left

rFire    . . .     SeeInvis +   g - +0 short sword
rCold    . . .     Gourm    .   (no shield)
rNeg     . . .     Faith    .   c - +0 robe
rPois    .         Spirit   .   (helmet unavailable)
rElec    .         Reflect  .   (no cloak)
rCorr    .         Harm     .   (no gloves)
MR       .....                  (no boots)
Stlth    ++........             (no amulet)
HPRegen  0.12/turn              (no ring)
MPRegen  0.10/turn              (no ring)

@: lethally poisoned (-2 -> -3), flying (expiring)
A: permanent stasis, dig shafts and tunnels, four strong arms, antennae 3
a: Dig, Shaft Self


You were on level 1 of the Dungeon.
You were hungry.

You visited 1 branch of the dungeon, and saw 2 of its levels.

You collected 30 gold pieces.

Inventory:

Hand Weapons
 g - a +0 short sword (weapon)
 l - a +0 war axe
 m - a +2 vampiric whip
Armour
 c - a +0 robe (worn)
Jewellery
 k - an uncursed ring of resist corrosion {unknown}
Scrolls
 h - a scroll of magic mapping {unknown}
 i - 2 scrolls of immolation {unknown}
Books
 e - a book of Geomancy

   Spells                             Type                      Level
   a - Sandblast                      Earth                        1
   b - Passwall                       Transmutation/Earth          2
   c - Stone Arrow                    Conjuration/Earth            3
   d - Petrify                        Transmutation/Earth          4
   e - Lee's Rapid Deconstruction     Earth                        5
Comestibles
 a - 10 chunks of flesh
 d - 2 rations


   Skills:
 * Level 4.2 Fighting
 - Level 1.7 Dodging
 - Level 2.4 Stealth
 - Level 2.1 Spellcasting
   Level 1.1 Transmutations
 - Level 4.0 Earth Magic


You had 6 spell levels left.
You knew the following spells:

 Your Spells              Type           Power        Failure   Level  Hunger
a - Sandblast             Erth           ##....       4%          1    #......


Dungeon Overview and Level Annotations

Branches:
Dungeon (2/15)

Altars:


Innate Abilities, Weirdness & Mutations

You cannot be hasted, slowed, berserked, paralysed or teleported.
You can dig through walls and to a lower floor.
Your four strong arms can wield two-handed weapons with a shield.
You have a pair of large antennae on your head. (SInv)


Message History

You feel a strange sense of stasis.
It was a scroll of teleportation.
The adder barely misses you.
You feel sick. The adder barely misses you.
You feel sick. The adder barely misses you.
You are feeling hungry.
You feel sick. The adder barely misses you. The adder barely misses you.
You extend your mandibles.
You dig through the rock wall.
You dig through the rock wall.
You feel sick. The adder bites you.
* * * LOW HITPOINT WARNING * * *
You dig through the rock wall.
Okay, then.
Memorise Passwall, consuming 2 spell levels and leaving 4?
You are starting to lose your buoyancy.
The adder bites you.
Your memorisation is interrupted.
* * * LOW HITPOINT WARNING * * *
The adder bites you.
You die...

#.......#..............#
......................##
####.#.###...........##
####.#.##...........##
..##................#
....................#
####...#...########.#
#......#.#.# ####.#
#........#.# #@##.#
....##...#.# ##S#.#
...........#####{##.###
....##.##.............#
..#......[......#.....#
............###.#.....#
......#..........)....#
......##.####.#.......#
...##.##.# #.##......#


You could see an adder.

Vanquished Creatures
  An orc priest (D:2)
  An adder (D:2)
  2 oozes (D:1)
  A worm (D:2)
  A dart slug (D:2)
  A leopard gecko (D:1)
  2 orcs (D:2)
  A giant cockroach (D:1)
  4 goblins
  5 hobgoblins (D:1)
  6 bats (D:1)
  3 frilled lizards (D:1)
  9 kobolds
  2 rats (D:1)
39 creatures vanquished.

Notes
Turn   | Place    | Note
-------+----------+-------------------------------------------
     0 | D:1      | grindst0ne the Formicid Earth Elementalist began the quest for the Orb.
     0 | D:1      | Reached XP level 1. HP: 13/13 MP: 3/3
    35 | D:1      | Reached skill level 1 in Fighting
   303 | D:1      | Reached XP level 2. HP: 21/21 MP: 0/5
   421 | D:1      | Reached XP level 3. HP: 26/27 MP: 2/6
   796 | D:2      | Reached XP level 4. HP: 35/35 MP: 2/7
   948 | D:1      | HP: 1/37 [adder (4)]
   948 | D:1      | Slain by an adder

Skill      XL: |  1  2  3  4 |
---------------+-------------+-----
Fighting       | 1 2 3 4 |  4.2
Earth Magic    | 4 |  4.0
Dodging        | |  1.7
Stealth        | |  2.4
Spellcasting   | |  2.1
Transmutations | |  1.1

Action                   |  1- 3 |  4- 6 || total
-------------------------+-------+-------++-------
Melee: Unarmed           |     8 |       ||     8
       Dagger            |     5 |       ||     5
       Short sword       |    32 |    14 ||    46
 Cast: Sandblast         |    33 |    13 ||    46
 Abil: Dig               |     1 |     4 ||     5
  Use: Scroll            |       |     1 ||     1
       Potion            |       |     1 ||     1
  Eat: Chunk             |       |     1 ||     1
Armor: Robe              |    15 |     3 ||    18
Dodge: Dodged            |    53 |    23 ||    76
